 Dungeon Crawl Stone Soup version 0.19-a0-1626-g5215c36 (webtiles) character file.

117 wazuzu the Magician (level 4, -2/33 HPs)
             Began as a Draconian Wizard on Sept 18, 2016.
             Slain by namnharef's ghost (14 damage)
             ... on level 3 of the Dungeon.
             The game lasted 00:10:41 (2372 turns).

wazuzu the Magician (Draconian Wizard)              Turns: 2372, Time: 00:10:42

Health: -2/33      AC: 10    Str: 10    XL:     4   Next: 71%
Magic:  1/9        EV: 12    Int: 19    God:
Gold:   158        SH:  0    Dex:  9    Spells: 2 memorised, 7 levels left

rFire  . . .     SeeInvis .     o - +3 dagger
rCold  . . .     Gourm    .     (armour unavailable)
rNeg   . . .     Faith    .     (no shield)
rPois  .         Spirit   .     a - +0 hat
rElec  .         Dismiss  .     i - +2 cloak
rCorr  .         Reflect  .     j - +1 pair of gloves
MR     .....     Harm     .     (no boots)
Stlth  ++........               (no amulet)
                                (no ring)
                                n - ring of stealth

@: very slightly contaminated
A: unfitting armour, cold-blooded, AC +5
a: no special abilities


You were on level 3 of the Dungeon.
You were not hungry.

You visited 1 branch of the dungeon, and saw 3 of its levels.

You collected 158 gold pieces.

Inventory:

Hand Weapons
 o - a +3 dagger (weapon)
Armour
 a - a +0 hat (worn)
 i - a +2 cloak (worn)
 j - a +1 pair of gloves (worn)
Jewellery
 n - a ring of stealth (left hand)
Wands
 h - a wand of flame (41/48)
Scrolls
 d - 2 scrolls of remove curse
 e - 3 scrolls of fear
Potions
 g - a potion of agility {unknown}
 l - a potion of haste {unknown}
 m - 2 potions of might
 p - 2 potions of flight
 q - a potion of curing
 r - a potion of cancellation {unknown}
Books
 b - a book of Minor Magic

   Spells                             Type                      Level
   a - Magic Dart                     Conjuration                  1
   b - Blink                          Translocation                2
   c - Call Imp                       Summoning                    2
   d - Repel Missiles                 Charms/Air                   2
   e - Slow                           Hexes                        2
   f - Conjure Flame                  Conjuration/Fire             3
   g - Mephitic Cloud                 Conjuration/Poison/Air       3
Comestibles
 c - 3 bread rations
 f - 5 fruits
 k - 3 meat rations


   Skills:
 - Level 1.7 Dodging
 - Level 1.7 Stealth
 - Level 3.5 Spellcasting
 - Level 3.2 Conjurations
   Level 1.0 Summonings
 + Level 2.4 Translocations


You had 7 spell levels left.
You knew the following spells:

 Your Spells              Type           Power        Failure   Level  Hunger
a - Magic Dart            Conj           ###.         4%          1    None
b - Blink                 Tloc           N/A          10%         2    ##.....


Dungeon Overview and Level Annotations

Branches:
Dungeon (3/15)

Altars:
Elyvilon

Annotations:
D:3 namnharef's ghost, amateur HOFi


Innate Abilities, Weirdness & Mutations

Your plain brown scales are hard. (AC +5)
Your body does not fit into most forms of armour.
You are cold-blooded and may be slowed by cold attacks.


Message History

Casting: Magic Dart
Confirm with . or Enter, or press ? or * to list all spells.
Aiming: Magic Dart
Press: ? - help, Shift-Dir - straight line, f/p - namnharef's ghost
Aim: namnharef's ghost (heavily damaged)
The magic dart hits namnharef's ghost.
Namnharef's ghost is heavily damaged.
Namnharef's ghost hits you!
You hit namnharef's ghost but do no damage.
Namnharef's ghost is heavily damaged.
Namnharef's ghost closely misses you.
You barely miss namnharef's ghost. You tail-slap namnharef's ghost.
Namnharef's ghost is heavily damaged.
Namnharef's ghost barely misses you.
You barely miss namnharef's ghost.
Namnharef's ghost is heavily damaged.
Namnharef's ghost hits you!
* * * LOW HITPOINT WARNING * * *
You feel better. Namnharef's ghost hits you!
You die...

#..#<# .# #..##.......
#..#.# .# #.........##
#####..#.# .# #..##.#####
#........###.####..##.######
#####.......................
###..<................##
#(..#.......###.#.#.##
#...#.#####...........
#...#@### #.###.......
#.....W.###.# #>......
##..#.#.....####..#.##
#..#.#.##...[........
#..#.#.##..####..#...
#..#.............###.
#..#.#.##..####.## #.
#W.........# #.# ...
##.##.#.##..####.####.


You could see namnharef's ghost.

Vanquished Creatures
  An orc priest (D:1)
  2 adders (D:2)
  A worm (D:2)
  A dart slug (D:1)
  3 leopard geckos
  5 orcs
  5 bats
  4 giant cockroaches (D:1)
  3 hobgoblins
  2 jackals (D:1)
  10 kobolds
  5 frilled lizards
  7 goblins
  7 rats
56 creatures vanquished.

Notes
Turn   | Place    | Note
-------+----------+-------------------------------------------
     0 | D:1      | wazuzu the Draconian Wizard began the quest for the Orb.
     0 | D:1      | Reached XP level 1. HP: 14/14 MP: 4/4
   246 | D:1      | Reached XP level 2. HP: 20/20 MP: 1/6
   585 | D:1      | Found a white marble altar of Elyvilon.
   681 | D:1      | Reached XP level 3. HP: 26/26 MP: 4/7
   928 | D:1      | Reached XP level 4. HP: 32/33 MP: 1/9
  1136 | D:1      | Learned a level 2 spell: Blink
  2167 | D:3      | Noticed namnharef's ghost (amateur HOFi)
  2372 | D:3      | Slain by namnharef's ghost

Vault maps used:
D:1:      dpeg_arrival_stone_temple_mockup, minmay_hexomino_r4
D:3:      minmay_ruptured, uniq_jessica

Skill      XL: |  1  2  3  4 |
---------------+-------------+-----
Conjurations   | 2 3 |  3.2
Translocations | 2 |  2.4
Dodging        | |  1.7
Stealth        | |  1.7
Spellcasting   | |  3.5
Summonings     | |  1.0

Action                   |  1- 3 |  4- 6 || total
-------------------------+-------+-------++-------
Melee: Unarmed           |    15 |       ||    15
       Short sword       |    15 |       ||    15
       Tailslap          |     3 |     5 ||     8
       Spear             |    52 |       ||    52
       Mace              |       |    38 ||    38
       Dagger            |       |     5 ||     5
 Cast: Magic Dart        |    53 |    40 ||    93
  Use: Scroll            |       |     9 ||     9
       Potion            |       |     1 ||     1
 Stab: Sleeping          |     3 |     3 ||     6
  Eat: Chunk             |       |     3 ||     3
       Fruit             |       |     2 ||     2
Armor: Skin              |    30 |    32 ||    62
Dodge: Dodged            |    50 |    42 ||    92
